 Dungeon Crawl Stone Soup version 0.23.1 (webtiles) character file.

Game seed: 8895523194241600403

462 dhn the Shield-Bearer (level 6, 0/53 HPs)
             Began as a Minotaur Fighter on Mar 11, 2019.
             Slain by a worm (8 damage)
             ... on level 3 of the Dungeon.
             The game lasted 00:03:37 (1837 turns).

dhn the Shield-Bearer (Minotaur Fighter)            Turns: 1837, Time: 00:03:38

Health: 0/53       AC:  7    Str: 21    XL:     6   Next: 79%
Magic:  5/5        EV:  8    Int:  6    God:
Gold:   168        SH: 10    Dex: 10    Spells: 5/5 levels left

rFire    + . .     SeeInvis .   k - -1 spear (curse)
rCold    . . .     Gourm    .   c - +0 shield
rNeg     . . .     Faith    .   b - +0 scale mail
rPois    .         Spirit   .   (helmet restricted)
rElec    .         Reflect  .   (no cloak)
rCorr    .         Harm     .   (no gloves)
MR       .....                  (no boots)
Stlth    ..........             (no amulet)
HPRegen  0.17/turn              n - ring of protection from cold
MPRegen  0.09/turn              o - ring of fire

@: no status effects
A: retaliatory headbutt, horns 2
a: no special abilities


You were on level 3 of the Dungeon.
You were not hungry.

You visited 1 branch of the dungeon, and saw 3 of its levels.

You collected 168 gold pieces.

Inventory:

Hand Weapons
 a - a +0 war axe
 k - a cursed -1 spear (weapon)
Armour
 b - a +0 scale mail (worn)
 c - a +0 shield (worn)
 l - a +0 pair of boots
Jewellery
 n - a ring of protection from cold (left hand)
 o - a ring of fire (right hand)
Scrolls
 e - 3 scrolls of identify
 g - 3 scrolls of teleportation
Potions
 d - a potion of might
 h - 3 potions of heal wounds {unknown}
 i - a potion of curing {unknown}
 j - a potion of flight {unknown}
 m - a potion of mutation {unknown}
 p - a potion of resistance {unknown}
 q - a potion of berserk rage {unknown}
Comestibles
 f - 2 rations


   Skills:
 + Level 4.6 Fighting
 + Level 3.3(4.4) Axes
 + Level 4.4(5.0) Polearms
 + Level 5.4 Armour
 + Level 1.1 Dodging
 + Level 0.2 Stealth
 + Level 5.4 Shields


You had 5 spell levels left.
You didn't know any spells.
Your spell library was empty.

Dungeon Overview and Level Annotations

Branches:
Dungeon (3/15)

Altars:
Cheibriados
Beogh


Innate Abilities, Weirdness & Mutations

You reflexively headbutt those who attack you in melee.
You have a pair of horns on your head.


Message History

You hit the worm.
The worm is moderately wounded.
Your shield prevents you from hitting the worm.
The worm is moderately wounded.
You block the worm's attack.
You barely miss the worm.
The worm is lightly wounded.
You barely miss the worm. You headbutt the worm.
The worm is moderately wounded.
The worm barely misses you.
You hit the worm but do no damage.
The worm is lightly wounded.
The worm bites you.
* * * LOW HITPOINT WARNING * * *
You hit the worm. You headbutt the worm.
The worm is heavily wounded.
You hit the worm.
The worm is severely wounded.
The worm bites you!
You die...

.......))....................
..##....#....................
. ##......########...#######.
#.......#### #..(#
#.##.......# #...# #.
#.#..##(# #...###.##
#.##....##.# #........
........##.#####...## .#
.##....>....)@w...###.##
......#.#####.#........
########....##.#.....###.# #
#..#.............. .##
#..####.#...w.### o...
#..###........###.#.#.
#.......####K#.......[
##.###.#####.#.##.....
...##.##.........#


You could see a worm.

Vanquished Creatures
  Sigmund (D:3)
  A phantom (D:3)
  A bullfrog zombie (D:2)
  2 orc priests
  2 orc wizards (D:3)
  4 adders
  2 oozes
  A worm (D:2)
  3 leopard geckos
  9 orcs
  A giant cockroach (D:1)
  5 hobgoblins
  2 jackals (D:1)
  5 kobolds
  2 quokkas
  2 bats
  3 frilled lizards
  8 goblins
  9 rats
63 creatures vanquished.

Notes
Turn   | Place    | Note
-------+----------+-------------------------------------------
     0 | D:1      | dhn the Minotaur Fighter began the quest for the Orb.
     0 | D:1      | Reached XP level 1. HP: 19/19 MP: 0/0
    74 | D:1      | Reached XP level 2. HP: 27/27 MP: 1/1
   528 | D:2      | Reached XP level 3. HP: 31/33 MP: 2/2
   670 | D:2      | Reached skill level 1 in Polearms
   670 | D:2      | Reached XP level 4. HP: 28/40 MP: 3/3
   779 | D:2      | Found a snail-covered altar of Cheibriados.
  1080 | D:3      | Noticed a phantom
  1329 | D:3      | Killed a phantom
  1329 | D:3      | Reached XP level 5. HP: 18/47 MP: 4/4
  1406 | D:3      | Found a roughly hewn altar of Beogh.
  1641 | D:2      | Reached skill level 5 in Shields
  1661 | D:3      | Reached skill level 5 in Armour
  1661 | D:3      | Reached XP level 6. HP: 44/53 MP: 5/5
  1745 | D:3      | Noticed Sigmund
  1810 | D:3      | Killed Sigmund
  1810 | D:3      | Reached skill level 1 in Dodging
  1837 | D:3      | Slain by a worm

Skill      XL: |  1  2  3  4  5  6 |
---------------+-------------------+-----
Fighting       | 4 |  4.6
Armour         | 4 5 |  5.4
Axes           | 3 |  3.3
Shields        | 4 5 |  5.4
Polearms       | 1 2 3 4 |  4.4
Dodging        | 1 |  1.1
Stealth        | |  0.2

Action                   |  1- 3 |  4- 6 || total
-------------------------+-------+-------++-------
Melee: War axe           |    15 |       ||    15
       Spear             |    67 |   176 ||   243
       Headbutt          |     6 |    25 ||    31
  Use: Scroll            |     3 |       ||     3
  Eat: Ration            |       |     1 ||     1
Armor: Scale mail        |    38 |    34 ||    72
Dodge: Dodged            |    22 |    26 ||    48
Block: Shield            |    41 |    58 ||    99
